 Dungeon Crawl Stone Soup version 0.29-a0-876-gfc89b1a5bd (webtiles) character file.

Game seed: 17534093444411534933

189 jimonade the Covert (level 6, -5/36 HPs)
             Began as a Kobold Brigand on July 19, 2022.
             Slain by a scorpion (6 damage)
             ... on level 5 of the Dungeon.
             The game lasted 00:04:27 (4040 turns).

jimonade the Covert (Kobold Brigand)                Turns: 4040, Time: 00:04:28

Health: -5/36      AC:  4    Str:  9    XL:     6   Next: 0%
Magic:  6/6        EV: 14    Int: 18    God:
Gold:   145        SH:  0    Dex: 18    Spells: 5/5 levels left

rFire   . . .      SeeInvis .   l - +1 dagger (venom)
rCold   . . .      Faith    .   (no shield)
rNeg    . . .      Spirit   .   b - +0 robe
rPois   .          Reflect  .   (no helmet)
rElec   .          Harm     .   c - +0 cloak
rCorr   .          Rampage  .   o - +0 pair of gloves
Will    .....                   (no boots)
Stlth   +++++.....              j - amulet of regeneration
HPRegen 0.92/turn               v - ring of flight
MPRegen 0.10/turn               F - +6 ring of intelligence

@: lethally poisoned (-5 -> -8), flying
A: small, no large weapons, nightstalker 3
a: no special abilities


You were on level 5 of the Dungeon.
You visited 1 branch of the dungeon, and saw 5 of its levels.

You collected 145 gold pieces.

Inventory:

Hand Weapons
 a - a +2 dagger
 f - a +0 rapier
 l - a +1 dagger of venom (weapon)
Missiles
 d - 19 poisoned darts (quivered)
 e - 3 curare-tipped darts
 C - 2 throwing nets
Armour
 b - a +0 robe (worn)
 c - a +0 cloak (worn)
 o - a +0 pair of gloves (worn)
Jewellery
 j - an amulet of regeneration (around neck)
 t - a ring of fire
 v - a ring of flight (left hand)
 F - a +6 ring of intelligence (right hand)
 G - a +6 ring of intelligence
Scrolls
 h - 3 scrolls of identify {unknown}
 m - 4 scrolls of teleportation {unknown}
 n - a scroll of immolation {unknown}
 r - a scroll of fog {unknown}
 u - a scroll of poison {unknown}
 w - a scroll of enchant weapon {unknown}
 x - a scroll of amnesia {unknown}
 y - a scroll of blinking {unknown}
 D - a scroll of magic mapping {unknown}
 E - a scroll of noise {unknown}
Potions
 g - 4 potions of curing
 i - 2 potions of ambrosia {unknown}
 k - 2 potions of mutation {unknown}
 p - a potion of attraction {unknown}
 q - a potion of degeneration {unknown}
 s - 3 potions of flight {unknown}
 z - a potion of berserk rage {unknown}
 A - a potion of brilliance {unknown}
 B - a potion of heal wounds {unknown}


   Skills:
 + Level 2.6 Fighting
 + Level 4.0 Short Blades
 - Level 2.1 Throwing
 + Level 1.8 Dodging
 * Level 8.4 Stealth


You had 5 spell levels left.
You didn't know any spells.
Your spell library contained the following spells:

 Spells                   Type           Power      Damage    Failure   Level
 Static Discharge         Conj/Air       0%         3-3/arc   32%         2
 Dispel Undead            Necr           0%         3d6       91%         4
 Sticky Flame             Conj/Fire      0%         2d3       91%         4


Dungeon Overview and Level Annotations

Branches:
Dungeon (5/15)
 Temple: D:4-7

Altars:
Okawaru
Vehumet


Innate Abilities, Weirdness & Mutations

You are small and have problems with some larger weapons.
You are completely attuned to the shadows.


Message History

You are more poisoned.
The scorpion poisons you!
You completely miss the scorpion.
You feel very sick. The scorpion barely misses you.
You are too injured to fight recklessly!
You are too injured to fight recklessly!
You are too injured to fight recklessly!
You feel very sick.
The scorpion stings you but does no damage.
There is an escape hatch in the ceiling here.
You feel very sick. The scorpion misses you.
You hit the scorpion but do no damage.
The scorpion is poisoned.
You punch the scorpion.
The scorpion is lightly wounded.
You feel sick. The scorpion stings you.
* * * LOW HITPOINT WARNING * * *
You are lethally poisoned!
The scorpion poisons you!
You barely miss the scorpion.
The scorpion is lightly wounded.
* * * LOW HITPOINT WARNING * * *
You feel very sick.
The scorpion stings you but does no damage.
You hit the scorpion but do no damage.
The scorpion is lightly wounded.
* * * LOW HITPOINT WARNING * * *
You feel very sick. The scorpion closely misses you.
You hit the scorpion but do no damage.
The scorpion looks even sicker.
The scorpion is moderately wounded.
* * * LOW HITPOINT WARNING * * *
You feel very sick. The scorpion barely misses you.
You closely miss the scorpion.
The scorpion is moderately wounded.
* * * LOW HITPOINT WARNING * * *
You feel sick. The scorpion stings you.
You die...

.........##.#..##
.#.....###.......
.........##.
............#
##.†#.###...#
.......##...#
........#...#
#...###..s..##
... ##<@....
.....>..##
.###...## #.⌠.#
#...#


You could see a scorpion (very poisoned).

Vanquished Creatures
  A howler monkey (D:4)
  2 orc wizards (D:2)
  2 adders
  A worm (D:2)
  3 dart slugs
  An orc (D:2)
  3 bats
  6 endoplasms
  2 giant cockroaches
  10 goblins
  10 hobgoblins
  4 quokkas
  6 ball pythons
  2 frilled lizards
  9 kobolds
  9 rats
71 creatures vanquished.

Notes
Turn   | Place    | Note
-------+----------+-------------------------------------------
     0 | D:1      | jimonade the Kobold Brigand began the quest for the Orb.
     0 | D:1      | Reached XP level 1. HP: 12/12 MP: 1/1
   274 | D:1      | Reached XP level 2. HP: 17/17 MP: 2/2
   370 | D:1      | Reached skill level 6 in Stealth
   493 | D:1      | Found a faded altar of an unknown god.
   546 | D:1      | Reached XP level 3. HP: 22/22 MP: 3/3
  1304 | D:2      | Found a radiant altar of Vehumet.
  1853 | D:2      | Reached skill level 7 in Stealth
  1853 | D:2      | Reached XP level 4. HP: 23/27 MP: 4/4
  2265 | D:3      | Reached XP level 5. HP: 31/31 MP: 5/5
  3528 | D:4      | Reached skill level 8 in Stealth
  3547 | D:4      | Found an iron altar of Okawaru.
  3994 | D:5      | Entered Level 5 of the Dungeon
  4028 | D:5      | Reached XP level 6. HP: 36/36 MP: 6/6
  4040 | D:5      | HP: 1/36 [poisoned by a scorpion]
  4040 | D:5      | Slain by a scorpion

Illustrated notes

Levels and vault maps discovered:
D:1:      dpeg_arrival_houses_and_road, layout_loops_ring,
          basic_ecumenical_altar, item_on_display_a
D:2:      layout_basic, basic_altar, kennysheep_generic_room_6
D:3:      layout_basic
D:4:      layout_layer_cave, kennysheep_okawaru_gauntlet, serial_glass,
          glass_columns_b, glass_columns_b, grunt_ministairs_11
D:5:      layout_rooms, minmay_temple_entry_junction, serial_park_tiny_1

Skill      XL: |  1  2  3  4  5 |
---------------+----------------+-----
Stealth        | 6 7 8 |  8.4
Short Blades   | 3 4 |  4.0
Fighting       | |  2.6
Throwing       | |  2.1
Dodging        | |  1.8

Action                   |  1- 3 |  4- 6 || total
-------------------------+-------+-------++-------
Melee: Dagger            |    83 |    98 ||   181
       Punch             |     2 |     1 ||     3
 Stab: Sleeping          |    11 |    15 ||    26
Armor: Robe              |    15 |    15 ||    30
Dodge: Dodged            |    42 |    43 ||    85

Table legend: (Time is in decaauts)
 A = Elapsed time spent in this place.
 B = Non-inter-level travel time spent in this place.
 C = Inter-level travel time spent in this place.
 D = Time resting spent in this place.
 E = Time spent auto-exploring this place.
 F = Levels seen in this place.
 G = Mean time per level.
                   A        B        C        D        E       F      G
               +--------+--------+--------+--------+--------+-----+--------+
         Total |   4008 |   3882 |    126 |    517 |   2880 |   5 |  801.6 |
       Dungeon |   4008 |   3882 |    126 |    517 |   2880 |   5 |  801.6 |
               +--------+--------+--------+--------+--------+-----+--------+

Top non-repeatable levels by time:
     D:1: 1134 daAuts
     D:2: 1079 daAuts
     D:4: 943 daAuts
     D:3: 806 daAuts
     D:5: 44 daAuts
